 Dungeon Crawl Stone Soup version 0.26-a0-572-g753d7e3450 (webtiles) character file.

Game seed: 16255377812371104077

20281 Gargoyl the Fighter (level 12, -8/97 HPs)
             Began as a Gnoll Abyssal Knight on Aug 20, 2020.
             Was a High Priest of Lugonu.
             Killed by the air
             ... invoked by Gastronok
              (19 damage)
             ... on level 2 of the Lair of Beasts on Aug 21, 2020.
             The game lasted 00:27:06 (17374 turns).

Gargoyl the Fighter (Gnoll Abyssal Knight)         Turns: 17374, Time: 00:27:06

Health: -8/97      AC: 14    Str: 19      XL:     12   Next: 77%
Magic:  23/23      EV: 31    Int: 12 (14) God:    Lugonu [*****.]
Gold:   330        SH: 12    Dex: 22      Spells: 26/26 levels left

rFire    + + .     SeeInvis .   F - +2 hand axe (freeze)
rCold    + + .     Faith    .   G - +0 kite shield
rNeg     + + .     Spirit   .   H - +5 ring mail of Too Many Cooks {rC+ Dex+4 Slay+3}
rPois    +         Reflect  .   L - -2 hat of the Alchemist {rElec rPois rF+ rC+ rN+ MR+ rMut rCorr}
rElec    +         Harm     .   (no cloak)
rCorr    +                      k - +2 pair of gloves
rMut     +                      r - +0 pair of boots
MR       ++...                  c - amulet of the acrobat
Stlth    +++.......             p - ring of protection from fire
HPRegen  0.26/turn              I - ring of positive energy
MPRegen  0.18/turn

@: acrobat
A: distributed training, fangs 1, agile 1, magic resistance 1, strong nose
a: Depart the Abyss, Bend Space, Banish, Corrupt, Enter the Abyss, Renounce
Religion


You were on level 2 of the Lair of Beasts.
You worshipped Lugonu.
Lugonu was extremely pleased with you.
You visited 2 branches of the dungeon, and saw 14 of its levels.
You visited the Abyss 1 time.

You collected 1147 gold pieces.
You spent 817 gold pieces at shops.

Inventory:

Hand Weapons
 m - the +9 flail "Soetyuga" {vamp, Fragile rN+ Int+2 Dex+9}
   (You took it off an orc wizard on level 6 of the Dungeon)

   It inflicts no extra harm, but heals its wielder when it wounds a living foe.
   It affects your intelligence (+2).
   It affects your dexterity (+9).
   It protects you from negative energy.
   It will be destroyed if unequipped.
 F - a +2 hand axe of freezing (weapon)
 J - a +3 hand axe
Missiles
 x - 11 boomerangs (quivered)
Armour
 h - a +2 helmet
 k - a +2 pair of gloves (worn)
 r - a +0 pair of boots (worn)
 G - a +0 kite shield (worn)
 H - the +5 ring mail of Too Many Cooks (worn) {rC+ Dex+4 Slay+3}
   (You found it on level 8 of the Dungeon)

   It affects your dexterity (+4).
   It affects your accuracy and damage with ranged weapons and melee attacks
   (+3).
   It protects you from cold.
 L - the -2 hat of the Alchemist (worn) {rElec rPois rF+ rC+ rN+ MR+ rMut rCorr}
   (You bought it in a shop on level 7 of the Dungeon)

   It protects you from fire.
   It protects you from cold.
   It insulates you from electricity.
   It protects you from poison.
   It protects you from negative energy.
   It affects your resistance to hostile enchantments.
   It provides partial protection from all sources of acid and corrosion.
   It protects you from mutation.
Jewellery
 a - a +6 ring of dexterity
 c - an amulet of the acrobat (around neck)
 p - a ring of protection from fire (left hand)
 q - a +4 ring of protection
 t - an uncursed ring of poison resistance {unknown}
 y - an uncursed ring of protection from fire
 I - a ring of positive energy (right hand)
 K - an uncursed ring of protection from cold
Wands
 i - a wand of paralysis (5)
 v - a wand of enslavement (6)
 z - a wand of flame (28)
 A - a wand of polymorph (6)
 B - a wand of iceblast (5)
Scrolls
 b - 6 scrolls of teleportation
 e - 7 scrolls of identify
 f - a scroll of blinking
 l - 5 scrolls of remove curse
 u - 2 scrolls of fog
 w - a scroll of fear
 D - 3 scrolls of magic mapping
Potions
 d - 4 potions of brilliance
 g - 3 potions of stabbing
 j - 7 potions of curing
 n - a potion of resistance
 o - a potion of mutation
 s - 2 potions of haste
 C - a potion of flight
 E - 2 potions of magic


   Skills:
 + Level 10.0 Fighting
 + Level 7.6 Short Blades
 + Level 7.6 Long Blades
 + Level 9.0 Axes
 + Level 7.6 Maces & Flails
 + Level 7.6 Polearms
 + Level 7.6 Staves
 + Level 7.6 Slings
 + Level 7.6 Bows
 + Level 7.6 Crossbows
 + Level 7.6 Throwing
 + Level 9.0 Armour
 + Level 8.1 Dodging
 + Level 7.6 Stealth
 + Level 7.6 Shields
 + Level 7.6 Unarmed Combat
 + Level 7.6 Spellcasting
 + Level 6.3 Conjurations
 + Level 6.3 Hexes
 + Level 6.3 Summonings
 + Level 6.3 Necromancy
 + Level 6.3 Translocations
 + Level 6.3 Transmutations
 + Level 6.3 Fire Magic
 + Level 6.3 Ice Magic
 + Level 6.3 Air Magic
 + Level 6.3 Earth Magic
 + Level 6.3 Poison Magic
 + Level 9.5 Invocations
 + Level 7.6 Evocations


You had 26 spell levels left.
You didn't know any spells.
Your spell library contained the following spells:

 Spells                   Type           Power        Failure   Level
 Magic Dart               Conj           ###.         4%          1
 Shock                    Conj/Air       ###.         4%          1
 Summon Small Mammal      Summ           ###.         4%          1
 Blink                    Tloc           N/A          7%          2
 Call Imp                 Summ           ###.....     7%          2
 Slow                     Hex            ###.....     7%          2
 Swiftness                Air            ###.....     7%          2
 Call Canine Familiar     Summ           ###.....     14%         3
 Conjure Flame            Conj/Fire      ###.....     14%         3
 Mephitic Cloud           Conj/Pois/Air  ###.....     14%         3
 Static Discharge         Conj/Air       ###.....     14%         3
 Summon Guardian Golem    Hex/Summ       ###.....     14%         3
 Airstrike                Air            ###.......   43%         4
 Summon Ice Beast         Ice/Summ       ###.....     43%         4
 Summon Lightning Spire   Summ/Air       ###.....     43%         4
 Lightning Bolt           Conj/Air       ###.......   78%         5


Dungeon Overview and Level Annotations

Branches:
Dungeon (12/15)            Temple (0/1) D:7            Lair (2/6) D:11
    Orc (0/2) D:12
  Swamp: Lair:2-4    Shoals: Lair:2-4     Snake: Lair:2-4    Spider: Lair:2-4

Altars:
Cheibriados
Fedhas
Gozag
Makhleb
Okawaru
Ru
Sif Muna
Trog
Vehumet
Xom
The Shining One
Beogh

Shops:
D:4 ?[?}   D:7 *??(   D:8 !

Annotations:
Lair:2 Gastronok
Abyss:1 Urug


Innate Abilities, Weirdness & Mutations

Your experience applies equally to all skills.
You have very sharp teeth.
Your uncanny sense of smell can sniff out nearby items.
You are agile. (Dex +2)
You are resistant to hostile enchantments. (MR+)


Message History

You freeze the elephant.
The elephant tramples you but does no damage.
The elephant completely misses you.
Gastronok is buffeted by a sudden breeze.
The elephant barely misses you. You block the elephant's attack. x2
The elephant closely misses you. The elephant tramples you.
You stumble backwards!
You block the elephant's attack. The elephant misses you.
Gastronok waves his eye-stalks in wide circles.
The air twists around and strikes you!!
* * * LOW HITPOINT WARNING * * *
The elephant completely misses you. x2
The river rat completely misses you.
Gastronok waves his eye-stalks in wide circles.
The air twists around and strikes you!
* * * LOW HITPOINT WARNING * * *
The elephant completely misses you. You block the elephant's attack.
Gastronok waves his eye-stalks in wide circles.
The air twists around and strikes you!!
You die...

#.....P........##....
##....................
#.#..............^....
###....####...........
###.## ##..........
#..# #..##......
#.#.#######...#.....
###.##.#.#P.........
##@##..............
#..YYY.............
#...Y.r............
##..Y..............
#.##P............P
#.##Pr...###......
#.......#.........
#.....w...........
#.................


You could see Gastronok, 5 elephants and 2 river rats.

Vanquished Creatures
  Josephine (D:11)
  2 two-headed ogres
  An unseen horror (D:11)
  A manticore (D:11)
  A cyclops (D:12)
  Joseph (D:8)
  A black mamba (D:11)
  Psyche (D:8)
  A cane toad (Lair:2)
  3 kobold demonologists
  4 trolls
  A hornet (D:12)
  Grinder (D:3)
  6 hippogriffs
  6 wraiths
  7 yaks
  A steam dragon (D:11)
  Grum (Lair:1)
  3 wargs (D:11)
  4 water moccasins
  6 orc warriors
  2 ice beasts
  5 sky beasts
  A swamp drake (D:12)
  2 black bears
  A necrophage (D:8)
  3 wolves (Lair:1)
  6 ogres
  3 phantoms
  A crocodile (Lair:2)
  7 centaurs
  A big kobold (D:10)
  10 bullfrogs
  3 scorpions
  20 killer bees
  10 wights
  2 howler monkeys (D:11)
  3 centaur zombies
  8 hounds
  3 jellies
  7 orc priests
  A bullfrog skeleton (D:12)
  2 centaur skeletons
  2 iguanas
  12 orc wizards
  7 worker ants
  A hound skeleton (D:5)
  A mummy (D:5)
  A howler monkey zombie (D:5)
  Robin (D:4)
  11 gnolls
  13 adders
  4 river rats (D:5)
  A howler monkey skeleton (D:2)
  A shadow imp (D:7)
  2 white imps
  An ufetubus (D:5)
  2 adder zombies
  An adder skeleton (D:9)
  2 worms
  2 dart slugs
  6 leopard geckos
  59 orcs
  A ball python (D:2)
  9 giant cockroaches
  13 goblins
  11 hobgoblins
  5 jackals (D:3)
  6 quokkas
  3 bats
  3 frilled lizards
  A jackal skeleton (D:4)
  9 kobolds
  9 rats
354 creatures vanquished.

Vanquished Creatures (collateral kills)
  A cyclops (D:12)
1 creature vanquished.

Vanquished Creatures (others)
  A tengu reaver (D:12)
  A shadow (D:12)
  A sky beast (D:11)
  An orc wizard (D:6)
4 creatures vanquished.

Grand Total: 359 creatures vanquished

Notes
Turn   | Place    | Note
-------+----------+-------------------------------------------
     0 | Abyss:1  | Gargoyl the Gnoll Abyssal Knight began the quest for the
                  | Orb.
     0 | Abyss:1  | Reached XP level 1. HP: 23/23 MP: 3/3
    30 | Abyss:2  | Noticed a small abomination
    41 | Abyss:2  | Found a corrupted altar of Lugonu.
    67 | Abyss:3  | Found a corrupted altar of Lugonu.
   105 | Abyss:3  | Noticed a starcursed mass
   106 | D:1      | Escaped the Abyss
   439 | D:1      | Reached XP level 2. HP: 29/29 MP: 5/5
   465 | D:1      | Reached * piety under Lugonu
   721 | D:2      | Reached XP level 3. HP: 34/35 MP: 6/6
   801 | D:2      | Found a shimmering blue altar of Sif Muna.
   884 | D:2      | Reached skill level 1 in Short Blades
   884 | D:2      | Reached skill level 1 in Long Blades
   884 | D:2      | Reached skill level 1 in Maces & Flails
   884 | D:2      | Reached skill level 1 in Polearms
   884 | D:2      | Reached skill level 1 in Staves
   884 | D:2      | Reached skill level 1 in Slings
   884 | D:2      | Reached skill level 1 in Bows
   884 | D:2      | Reached skill level 1 in Crossbows
   884 | D:2      | Reached skill level 1 in Throwing
   884 | D:2      | Reached skill level 1 in Stealth
   884 | D:2      | Reached skill level 1 in Shields
   884 | D:2      | Reached skill level 1 in Unarmed Combat
   884 | D:2      | Reached skill level 1 in Spellcasting
   884 | D:2      | Reached skill level 1 in Evocations
  1093 | D:2      | Reached XP level 4. HP: 40/41 MP: 7/7
  1352 | D:3      | Reached ** piety under Lugonu
  1395 | D:3      | Reached skill level 1 in Conjurations
  1395 | D:3      | Reached skill level 1 in Hexes
  1395 | D:3      | Reached skill level 1 in Summonings
  1395 | D:3      | Reached skill level 1 in Necromancy
  1395 | D:3      | Reached skill level 1 in Translocations
  1395 | D:3      | Reached skill level 1 in Transmutations
  1395 | D:3      | Reached skill level 1 in Fire Magic
  1395 | D:3      | Reached skill level 1 in Ice Magic
  1395 | D:3      | Reached skill level 1 in Air Magic
  1395 | D:3      | Reached skill level 1 in Earth Magic
  1395 | D:3      | Reached skill level 1 in Poison Magic
  1459 | D:3      | Noticed Grinder
  1470 | D:3      | Paralysed by Grinder for 7 turns
  1738 | D:4      | Found an iron altar of Okawaru.
  1809 | D:4      | Reached XP level 5. HP: 29/47 MP: 8/8
  2005 | D:4      | Noticed Robin
  2019 | D:4      | Killed Robin
  2100 | D:4      | Found Juffep's Magic Scroll Boutique.
  2211 | D:4      | Found a radiant altar of Vehumet.
  2287 | D:4      | Found Wolon's Antique Armour Emporium.
  2341 | D:4      | Found Hiocoxou's Magic Scroll Boutique.
  2534 | D:4      | Found Cuurch's Gadget Shop.
  2672 | D:5      | Entered Level 5 of the Dungeon
  2691 | D:4      | Reached skill level 5 in Invocations
  2691 | D:4      | Reached XP level 6. HP: 49/53 MP: 9/9
  2824 | D:3      | Paralysed by Grinder for 5 turns
  2849 | D:3      | Killed Grinder
  2849 | D:3      | Reached skill level 5 in Axes
  2849 | D:3      | Reached skill level 5 in Armour
  2849 | D:3      | Reached XP level 7. HP: 12/59 MP: 10/10
  3522 | D:3      | Found a sacrificial altar of Ru.
  3572 | D:3      | Reached skill level 7 in Fighting
  3575 | D:3      | Reached *** piety under Lugonu
  3697 | D:3      | Found a blossoming altar of Fedhas.
  3699 | D:3      | Found a shimmering blue altar of Sif Muna.
  3699 | D:3      | Found a glowing golden altar of the Shining One.
  3703 | D:3      | Found a glowing golden altar of the Shining One.
  3703 | D:3      | Found a sacrificial altar of Ru.
  3703 | D:3      | Found a shimmering altar of Xom.
  4723 | D:5      | Reached XP level 8. HP: 61/67 MP: 12/12
  5092 | D:5      | Found a snail-covered altar of Cheibriados.
  5342 | D:6      | Identified the +9 flail "Soetyuga" {vamp, Fragile rN+ Int+2
                  | Dex+9}
  5359 | D:5      | Gained mutation: You are partially covered in molten
                  | scales. (AC +2) [potion of mutation]
  5359 | D:5      | Gained mutation: You are resistant to hostile enchantments.
                  | (MR+) [potion of mutation]
  6061 | D:6      | Found a shimmering blue altar of Sif Muna.
  6134 | D:6      | Lost mutation: You are resistant to hostile enchantments.
                  | (MR+) [potion of mutation]
  6134 | D:6      | Lost mutation: You are partially covered in molten scales.
                  | (AC +2) [potion of mutation]
  6134 | D:6      | Gained mutation: Your body sometimes deteriorates upon
                  | taking damage. [potion of mutation]
  6134 | D:6      | Gained mutation: Your mind is acute. (Int +2) [potion of
                  | mutation]
  6134 | D:6      | Gained mutation: You are robust. (+10% HP) [potion of
                  | mutation]
  6416 | D:7      | Reached XP level 9. HP: 69/80 MP: 14/14
  6548 | D:7      | Found Molar's General Store.
  6562 | D:7      | Found Jereur Tetz's Magic Scroll Emporium.
  6571 | D:7      | Bought a scroll of teleportation for 42 gold pieces
  6571 | D:7      | Bought a scroll of teleportation for 42 gold pieces
  6697 | D:7      | Found Qizynan's Magic Scroll Emporium.
  6749 | D:7      | Found a burning altar of Makhleb.
  6934 | D:7      | Found Keerph's Weapon Boutique.
  6949 | D:7      | Bought a +2 hand axe of freezing for 261 gold pieces
  6991 | D:7      | Found a staircase to the Ecumenical Temple.
  7301 | D:8      | Found Ycankak's Distillery.
  7480 | D:8      | Reached skill level 5 in Dodging
  7502 | D:8      | Reached **** piety under Lugonu
  7591 | D:8      | Found a bloodstained altar of Trog.
  7600 | D:8      | Reached skill level 8 in Fighting
  7687 | D:8      | Got an encrusted ring mail
  7706 | D:8      | Identified the +5 ring mail of Too Many Cooks {rC+ Dex+4
                  | Slay+3} (You found it on level 8 of the Dungeon)
  7714 | D:8      | Noticed a two-headed ogre
  7726 | D:8      | Killed a two-headed ogre
  7726 | D:8      | Reached XP level 10. HP: 79/88 MP: 15/17
  7832 | D:8      | Noticed Psyche
  7834 | D:8      | Noticed Joseph
  7860 | D:8      | Killed Psyche
  7860 | D:8      | Reached skill level 5 in Short Blades
  7860 | D:8      | Reached skill level 5 in Long Blades
  7860 | D:8      | Reached skill level 5 in Maces & Flails
  7860 | D:8      | Reached skill level 5 in Polearms
  7860 | D:8      | Reached skill level 5 in Staves
  7860 | D:8      | Reached skill level 5 in Slings
  7860 | D:8      | Reached skill level 5 in Bows
  7860 | D:8      | Reached skill level 5 in Crossbows
  7860 | D:8      | Reached skill level 5 in Throwing
  7860 | D:8      | Reached skill level 5 in Stealth
  7860 | D:8      | Reached skill level 5 in Shields
  7860 | D:8      | Reached skill level 5 in Unarmed Combat
  7860 | D:8      | Reached skill level 5 in Spellcasting
  7860 | D:8      | Reached skill level 5 in Evocations
  7888 | D:8      | Killed Joseph
  8697 | D:9      | Found a transporter.
  9145 | D:9      | Found an opulent altar of Gozag.
  9321 | D:9      | Found a transporter.
  9993 | D:10     | Entered Level 10 of the Dungeon
 10294 | D:10     | Found a roughly hewn altar of Beogh.
 10540 | D:10     | Reached ***** piety under Lugonu
 10957 | D:11     | Noticed a kobold demonologist
 10962 | D:11     | Noticed a sun demon
 10972 | D:11     | Killed a kobold demonologist
 10972 | D:11     | Reached XP level 11. HP: 42/95 MP: 19/19
 10981 | D:11     | Killed an unseen horror
 10981 | D:11     | Reached skill level 9 in Fighting
 10981 | D:11     | Reached skill level 5 in Conjurations
 10981 | D:11     | Reached skill level 5 in Hexes
 10981 | D:11     | Reached skill level 5 in Summonings
 10981 | D:11     | Reached skill level 5 in Necromancy
 10981 | D:11     | Reached skill level 5 in Translocations
 10981 | D:11     | Reached skill level 5 in Transmutations
 10981 | D:11     | Reached skill level 5 in Fire Magic
 10981 | D:11     | Reached skill level 5 in Ice Magic
 10981 | D:11     | Reached skill level 5 in Air Magic
 10981 | D:11     | Reached skill level 5 in Earth Magic
 10981 | D:11     | Reached skill level 5 in Poison Magic
 11301 | D:11     | Noticed a manticore
 11313 | D:11     | Killed a manticore
 12161 | D:11     | Found a staircase to the Lair.
 12765 | D:12     | Noticed Josephine
 12939 | D:7      | Bought the -2 hat of the Alchemist {rElec rPois rF+ rC+ rN+
                  | MR+ rMut rCorr} for 472 gold pieces
 12939 | D:7      | Found the -2 hat of the Alchemist {rElec rPois rF+ rC+ rN+
                  | MR+ rMut rCorr}
 13061 | Lair:1   | Entered Level 1 of the Lair of Beasts
 13149 | Lair:1   | Noticed Urug
 13423 | D:11     | Banished Urug
 13424 | D:11     | Upgraded the game from 0.26-a0-547-g695e311587 to
                  | 0.26-a0-572-g753d7e3450
 13780 | D:12     | Noticed a two-headed ogre
 13801 | D:11     | Killed a two-headed ogre
 14073 | D:11     | Reached XP level 12. HP: 105/105 MP: 22/22
 14391 | D:12     | Found a staircase to the Orcish Mines.
 14760 | D:12     | Noticed a tengu reaver
 14818 | D:12     | Banished a tengu reaver
 15281 | D:11     | Killed Josephine
 16022 | Lair:1   | Reached skill level 10 in Fighting
 16123 | Lair:1   | Found a burning altar of Makhleb.
 16213 | Lair:1   | Noticed Grum
 16232 | Lair:1   | Killed Grum
 16853 | Lair:2   | Lost mutation: Your body sometimes deteriorates upon taking
                  | damage. [potion of mutation]
 16853 | Lair:2   | Lost mutation: You are robust. (+10% HP) [potion of
                  | mutation]
 16853 | Lair:2   | Lost mutation: Your mind is acute. (Int +2) [potion of
                  | mutation]
 16853 | Lair:2   | Gained mutation: You are agile. (Dex +2) [potion of
                  | mutation]
 16853 | Lair:2   | Gained mutation: You are resistant to hostile enchantments.
                  | (MR+) [potion of mutation]
 17183 | Lair:2   | Found a blossoming altar of Fedhas.
 17353 | Lair:2   | Noticed Gastronok
 17374 | Lair:2   | Killed from afar by Gastronok

Illustrated notes

Levels and vault maps discovered:
D:1:      sevenhm_arrival_forest_fort_small_5, layout_rooms, st_stairs_6
D:2:      layout_basic, nicolae_overflow_crystal_walls
D:3:      layout_basic, doesnt_xom_only_xom, nicolae_ru_path_of_blood,
          uniq_grinder
D:4:      layout_loops_corners, kennysheep_mini_moat, serial_shops,
          kennysheep_mini, nicolae_shop_window_shopping, shop,
          nicolae_shop_crystal, okawaru_altar_gauntlet_db, uniq_robin
D:5:      layout_loops_ring, slow_altar_2, portal_sewer_entry_b,
          minmay_joined_circles
D:6:      layout_rooms, led_sif_book
D:7:      layout_loops_cross, makhleb_heckhound_becter,
          minmay_temple_entry_hall, serial_shops, nicolae_shop_trees,
          shop_statue, nicolae_shop_crystal, kennysheep_little_box,
          corexii_checkpoint_a, kennysheep_flooded_box
D:8:      layout_rooms, serial_shops, shop, basic_altar, uniq_psyche,
          uniq_joseph
D:9:      gammafunk_cloud_chamber, layout_layer_cave, grunt_gozag_breadcrumbs
D:10:     layout_roguey [special_room_orc], chequers_hall_statues_wall_a,
          hangedman_abyss_or_decor_stagger, hangedman_decor_diamond_cutter
D:11:     layout_rooms, erik_lair_orcish_takeover
D:12:     layout_long_grid, erik_orc_1, kennysheep_four_rooms, uniq_josephine
Lair:1:   layout_regular_city, basic_altar, small_statue_intersection,
          uniq_urug, uniq_grum
Lair:2:   layout_gridlike, basic_altar, zaba_antful_of_joy, grunt_megastairs_4,
          uniq_gastronok

Skill      XL: |  1  2  3  4  5  6  7  8  9 10 11 12 |
---------------+-------------------------------------+-----
Short Blades   | 1 2 3 4 5 6 7 |  7.6
Long Blades    | 1 2 3 4 5 6 7 |  7.6
Maces & Flails | 1 2 3 4 5 6 7 |  7.6
Polearms       | 1 2 3 4 5 6 7 |  7.6
Staves         | 1 2 3 4 5 6 7 |  7.6
Slings         | 1 2 3 4 5 6 7 |  7.6
Bows           | 1 2 3 4 5 6 7 |  7.6
Crossbows      | 1 2 3 4 5 6 7 |  7.6
Throwing       | 1 2 3 4 5 6 7 |  7.6
Stealth        | 1 2 3 4 5 6 7 |  7.6
Shields        | 1 2 3 4 5 6 7 |  7.6
Unarmed Combat | 1 2 3 4 5 6 7 |  7.6
Spellcasting   | 1 2 3 4 5 6 7 |  7.6
Evocations     | 1 2 3 4 5 6 7 |  7.6
Conjurations   | 1 2 3 4 5 6 |  6.3
Hexes          | 1 2 3 4 5 6 |  6.3
Summonings     | 1 2 3 4 5 6 |  6.3
Necromancy     | 1 2 3 4 5 6 |  6.3
Translocations | 1 2 3 4 5 6 |  6.3
Transmutations | 1 2 3 4 5 6 |  6.3
Fire Magic     | 1 2 3 4 5 6 |  6.3
Ice Magic      | 1 2 3 4 5 6 |  6.3
Air Magic      | 1 2 3 4 5 6 |  6.3
Earth Magic    | 1 2 3 4 5 6 |  6.3
Poison Magic   | 1 2 3 4 5 6 |  6.3
Dodging        | 3 4 5 6 7 8 |  8.1
Invocations    | 5 6 7 8 9 |  9.5
Axes           | 5 6 7 8 9 |  9.0
Armour         | 5 6 7 8 9 |  9.0
Fighting       | 7 8 9 10 | 10.0

Action                   |  1- 3 |  4- 6 |  7- 9 | 10-12 || total
-------------------------+-------+-------+-------+-------++-------
Melee: Hand axe          |    71 |   149 |   471 |   849 ||  1540
       Bite              |     7 |    25 |    62 |   131 ||   225
       Punch             |       |     1 |     5 |       ||     6
Throw: Boomerang         |       |       |     7 |     2 ||     9
Invok: Depart the Abyss  |     1 |       |       |       ||     1
       Banish            |       |       |       |     2 ||     2
  Use: Scroll            |     5 |     1 |    10 |    11 ||    27
       Potion            |       |       |     6 |     8 ||    14
 Stab: Sleeping          |       |       |     1 |     7 ||     8
Armor: Chain mail        |    28 |    80 |   167 |       ||   275
       Leather armour    |     3 |       |       |       ||     3
       Plate armour      |       |       |   195 |       ||   195
       Ring mail         |       |       |     2 |   285 ||   287
Dodge: Dodged            |    58 |    91 |   229 |   573 ||   951
Block: Kite shield       |       |       |    61 |   603 ||   664

Table legend: (Time is in decaauts)
 A = Elapsed time spent in this place.
 B = Non-inter-level travel time spent in this place.
 C = Inter-level travel time spent in this place.
 D = Time resting spent in this place.
 E = Time spent auto-exploring this place.
 F = Levels seen in this place.
 G = Mean time per level.
                   A        B        C        D        E       F      G
               +--------+--------+--------+--------+--------+-----+--------+
         Total |  17478 |  16753 |    725 |   5181 |   7898 |  17 | 1028.1 |
       Dungeon |  15844 |  15150 |    694 |   4867 |   6839 |  12 | 1320.3 |
          Lair |   1528 |   1498 |     30 |    314 |    990 |   2 |  764.0 |
         Abyss |    105 |    105 |      0 |      0 |     69 |   3 |   35.0 |
               +--------+--------+--------+--------+--------+-----+--------+

Top non-repeatable levels by time:
    D:11: 2737 daAuts
    D:12: 1744 daAuts
     D:9: 1697 daAuts
     D:5: 1620 daAuts
    D:10: 1314 daAuts
     D:3: 1269 daAuts
     D:4: 1265 daAuts
     D:7: 1161 daAuts
  Lair:1: 1011 daAuts
     D:8: 953 daAuts
     D:6: 933 daAuts
     D:2: 630 daAuts
     D:1: 517 daAuts
  Lair:2: 516 daAuts
 Abyss:3: 57 daAuts
